[Event "93rd German Championship 2022"]
[Site "Magdeburg"]
[Date "2022.08.18"]
[Round "6.11"]
[White "Bethke, Richard"]
[Black "Feuerstack, Aljoscha"]
[Result "1-0"]
[ECO "C24"]
[WhiteElo "2381"]
[BlackElo "2473"]
[Annotator "TA"]
[PlyCount "81"]
[EventDate "2022.08.14"]
[EventType "swiss"]
[EventCountry "GER"]
[SourceTitle "playchess.com"]
[Source "ChessBase"]
[SourceQuality "1"]
[TimeControl "40/5400+30:1800+30"]

1. e4 e5 2. Bc4 Nf6 3. d3 c6 4. Nf3 d5 5. Bb3 Bb4+ 6. Bd2 Bxd2+ 7. Nbxd2 Nbd7 {[%emt 0:09:10] C24: Bishop's Opening: 2...Nf6.} 8. O-O O-O 9. Re1 Qc7 {[%emt 0:12:07] The position is equal.} 10. d4 exd4 11. exd5 cxd5 12. Nxd4 Nc5 {[%emt 0:10:23] [#]} 13. Qe2 $146 ({Predecessor:} 13. Nf1 Be6 14. c3 Rfe8 15. Ne3 Qf4 16. Qf3 Qxf3 17. Nxf3 Nd3 18. Re2 Nf4 19. Rd2 {½-½ (32) Korneev,O (2545)-Hawkins,J (2569) Hastings 2019}) 13... Bg4 14. Qe5 Qb6 15. h3 (15. Bxd5 Rfe8 16. Qf4 (16. Qg5 h6 $15) 16... Qxb2 $11) 15... Bd7 16. N2f3 (16. Bxd5 $2 Rae8 17. Nc4 (17. Qg5 $2 h6 $19) 17... Rxe5 $19) 16... a5 {[%emt 0:04:32] Threatens to win with ...Rfe8.} 17. Ne2 (17. Bxd5 $2 Rae8 18. Qg5 h6 19. Bxf7+ Rxf7 20. Rxe8+ Bxe8 $19) 17... Bc6 {[%emt 0:26:33] Strongly threatening ...Rfe8.} (17... Nxb3 18. axb3 Rfe8 19. Qd4 $14) (17... Nce4 18. Qd4 Qxd4 19. Nexd4 $14) 18. Nf4 Rad8 {[%emt 0:02:37] And now ...Rfe8 would win.} 19. Rad1 $1 Nce4 20. Qd4 Qc7 21. Nd3 Rfe8 22. Nde5 h6 23. Re3 a4 24. Nxc6 bxc6 25. Bxa4 Ra8 {[%emt 0:00:05] White must now prevent ...c5.} 26. b3 $1 Re6 27. Nd2 Qf4 (27... c5 $11 28. Qd3 Nc3 29. Rxe6 (29. Qxc3 $2 d4 $19) 29... Nxd1 30. Rxf6 gxf6) 28. Nxe4 $14 Nxe4 29. Rf3 ({Better is} 29. f3 $14 c5 30. Qd3) 29... Qh4 $2 {[%emt 0:00:37] [#]} (29... Qg5 $11) 30. Bxc6 $1 $16 Rxc6 31. Qxd5 Rac8 32. Qxf7+ Kh8 33. Rf4 $40 {[%emt 0:01:15][%cal Bf3f4,Bf4h4,Bh4h6][%mdl 160] White is out for blood.} ({Much weaker is} 33. Rd7 $6 Qg5 $11) 33... Ng5 34. Qxg7+ ({Resist} 34. Rxh4 Nxf7 35. c4 Ra8 $16) 34... Kxg7 35. Rd7+ Kg6 36. Rxh4 Rxc2 37. Rd6+ Kf7 38. Rhxh6 Rxa2 $2 {[%emt 0:01:23][%mdl 8192] [#]} (38... Ne4 $16 {is tougher.}) 39. Rd7+ $1 $18 {[%emt 0:00:47] White is clearly winning.} Ke8 {[%emt 0:00:08] [#]} 40. Rb7 Rc1+ 41. Kh2 {[%emt 0:30:05] Weighted Error Value: White=0.06 (flawless) /Black=0.45} 1-0

[Event "93rd German Championship 2022"]
[Site "Magdeburg"]
[Date "2022.08.18"]
[Round "6.22"]
[White "Koehler, Christian Friedrich"]
[Black "Eichstaedt, Mirko"]
[Result "0-1"]
[ECO "D45"]
[WhiteElo "2285"]
[BlackElo "2223"]
[Annotator "TA"]
[PlyCount "94"]
[EventDate "2022.08.14"]
[EventType "swiss"]
[EventCountry "GER"]
[SourceTitle "playchess.com"]
[Source "ChessBase"]
[SourceQuality "1"]
[TimeControl "40/5400+30:1800+30"]

1. d4 d5 2. c4 c6 3. Nf3 Nf6 4. Nc3 e6 5. e3 Nbd7 6. Be2 Bd6 7. O-O O-O 8. Qc2 dxc4 9. Bxc4 b5 10. Be2 Bb7 11. Rd1 {11.e4 is more fashionable.} Qc7 12. e4 {Strongly threatening e5.} e5 {D46: Semi-Slav: 5 e3 Nbd7 6 Bd3, Black avoids the Meran.} 13. h3 (13. Bg5 $14 {keeps the upper hand.}) 13... Rfe8 (13... exd4 $17 14. Rxd4 b4) 14. a3 a5 {The position is equal.} 15. dxe5 Nxe5 16. Bg5 {[#]} b4 $146 ({Predecessor:} 16... Nfd7 17. Rac1 Qb8 18. Nd4 b4 19. Nb1 Bf8 20. Be3 c5 21. Nb5 a4 22. axb4 Bc6 {0-1 (39) Bui,V (2461)-Duong,T (2243) Ho Chi Minh City 2003}) 17. axb4 axb4 {Threatens to win with ...Rxa1.} (17... Nxf3+ {feels hotter.} 18. Bxf3 axb4 19. Na4 c5) 18. Rxa8 Bxa8 19. Bxf6 gxf6 20. Na4 Nxf3+ 21. Bxf3 c5 22. b3 Qe7 23. Nb6 Be5 24. Rd7 Qe6 25. Qc4 Bc6 26. Ra7 Bb8 {A strong pair of Bishops.} 27. Qxe6 (27. Ra1 {seems wilder.} Qe5 28. Rd1 Qc3 29. Rc1) 27... Rxe6 28. Ra1 Bxe4 29. Bxe4 Rxe4 $11 {[%mdl 4096] Endgame KRB-KRN} 30. f3 (30. Nd7 $11 {keeps the balance.} Be5 31. Nxc5) 30... Re8 31. Ra8 $2 {[%mdl 8192] Now White is beyond hope.} (31. Nd7 $15 Be5 32. Nxe5 fxe5 33. Kf2) 31... c4 $19 32. bxc4 {[#]} (32. f4 $142 c3 33. Ra2) 32... b3 (32... Bh2+ $142 $1 33. Kxh2 Rxa8) 33. Ra1 Be5 34. Rb1 Bd4+ 35. Kf1 Bxb6 36. Rxb3 {KRB-KR} Bd4 37. Rd3 Bc5 38. Rd5 Re5 {And now ...Rxd5 would win.} 39. Rd8+ Bf8 40. Kf2 h5 41. Kg3 Kg7 42. Kh4 (42. h4 $142) 42... Bc5 {( -> ...Bf2+)} 43. Rd2 {Inhibits Bf2+.} (43. Kg3 $19) 43... Bb4 44. f4 {[#]} Re4 (44... Kg6 $142 $1 45. Rd3 (45. fxe5 Bxd2) 45... Be1+ 46. g3 Re4 47. Rf3 Rxc4 48. Rf1 Rc1 49. f5+ Kh6 50. Rxe1 Rxe1 51. g4 Re4 52. Kg3 hxg4 53. hxg4 Kg5 54. Kf3 Re5 55. Kg3 Re3+ 56. Kf2 Kf4 57. Kg2 Kxg4 58. Kf2 Re5 59. Kg2 Rxf5 60. Kh1 Kg3 61. Kg1 Kh3 62. Kh1 Rf1#) 45. Rb2 Rxf4+ 46. Kxh5 Rxc4 (46... Be1 $142 47. g4 Rxc4 48. h4 Rc8 49. g5 Rh8+ 50. Kg4 Rxh4+ 51. Kf5 Rh5 52. Rc2 Rxg5+ 53. Ke4 f5+ 54. Ke5 f6+ 55. Kd5 Rg3 56. Rh2 Bc3 57. Re2 Kg6 58. Rh2 f4 59. Ke4 Kg5 60. Kd5 Re3 61. Rg2+ Kf5 62. Rh2 f3 63. Rh1 Re1 64. Rh2 Be5 65. Rd2 Bg3 66. Rd3 f2 67. Rf3+ Kg4 68. Rxf2 Bxf2 69. Kc4 f5 70. Kb3 f4 71. Kc3 Be3 72. Kc4 f3 73. Kd5 f2 74. Ke6 f1=Q 75. Kd7 Qb5+ 76. Ke7 Bg5+ 77. Kf8 Qe8+ 78. Kg7 Re7#) 47. g4 Rc5+ {Weighted Error Value: White=0.94/Black=0.77} 0-1

[Event "93rd German Championship 2022"]
[Site "Magdeburg"]
[Date "2022.08.18"]
[Round "7.1"]
[White "Parvanyan, Ashot"]
[Black "Poetsch, Hagen"]
[Result "1-0"]
[ECO "E04"]
[WhiteElo "2428"]
[BlackElo "2500"]
[Annotator "TA"]
[PlyCount "107"]
[EventDate "2022.08.14"]
[EventType "swiss"]
[EventCountry "GER"]
[SourceTitle "playchess.com"]
[Source "ChessBase"]
[SourceQuality "1"]
[TimeControl "40/5400+30:1800+30"]

1. Nf3 d5 2. d4 Nf6 3. c4 e6 4. g3 dxc4 5. Bg2 Nbd7 6. Na3 {[%emt 0:11:35] E04: Open Catalan: 5 Nf3.} (6. O-O $14) 6... Bxa3 $15 7. bxa3 {[%emt 0:00:12] [#]} O-O $146 ({Predecessor:} 7... c5 8. O-O {½-½ (8) Titan,M (2091)-Spalir,J (2165) Sentjur 2011}) 8. a4 {[%emt 0:16:06] The position is equal.} a5 9. Ba3 Re8 10. Rc1 Nb6 11. Ne5 Nfd7 12. Nxc4 Nxc4 13. Rxc4 Nb6 14. Rc5 Qd7 15. O-O Nxa4 16. Rc1 Nb6 17. Qc2 {[%emt 0:02:11][%mdl 1024] White has compensation.} c6 18. Rfd1 Qc7 19. e4 Bd7 20. d5 e5 21. d6 ({White should play} 21. Bf1 $16) 21... Qd8 $11 22. f4 Bg4 23. Rd2 {[%emt 0:01:01] Strongly threatening f5.} exf4 24. gxf4 Qh4 25. Qb3 Nd7 26. Qg3 (26. Qxb7 $16 Bh3 27. Rf1 (27. Qxc6 Qxf4 28. Rf2 Qg5 $11)) 26... Qxg3 27. hxg3 f6 28. Rb2 Rab8 29. Bc5 $36 {[%emt 0:00:31][%mdl 2048] White has good play.} b6 30. Bf2 c5 31. a4 g5 32. Re1 Kf7 33. Bf1 gxf4 (33... h5 $11 {remains equal.}) 34. gxf4 $16 Bf3 35. Bc4+ Kg7 36. Bb5 {[%emt 0:00:35] 0x0.0002da4b0b6edp-1022s more active pieces.} Rxe4 37. Rxe4 Bxe4 38. Bxd7 Rd8 {[%emt 0:00:06] [#]} 39. Bb5 ({Reject} 39. Rxb6 Rxd7 40. Bxc5 Kg6 $11) ({Better is} 39. Be6 $1 $16 Rxd6 40. f5) 39... Rxd6 $14 40. Re2 f5 {[%emt 0:00:45] [#]} (40... Bc6 $14) 41. Be1 $1 $16 Rd1 42. Kf2 Kf7 43. Re3 {[%emt 0:00:00] Rh3 is the strong threat.} Rb1 (43... Ra1 $16 44. Bc3 Rh1 45. Bc4+ Ke7) 44. Bc3 {[%emt 0:00:00] Black must now prevent Rh3.} Ke6 $2 {[%emt 0:07:42] Loses the game.} (44... Rh1 $16 {is a better defense.} 45. Be5 Rh2+ 46. Ke1 Rh1+ 47. Kd2 Rh2+ 48. Re2 Rh6) 45. Rh3 $18 Rc1 46. Bc4+ {[%emt 0:00:00] A strong pair of Bishops.} Kd7 47. Rxh7+ Kc6 (47... Kc8 $142 48. Be6+ Kb8) 48. Bb5+ Kd5 49. Rd7+ Ke6 50. Be5 c4 51. Rc7 {[%emt 0:01:24] White wants to mate with Be8.} Bd3 52. Ke3 {[%emt 0:00:49] Threatens to win with Bd7+.} Kd5 53. Bc6+ Ke6 54. Be8 {[%emt 0:00:05] Weighted Error Value: White=0.15 (very precise) /Black=0.42} (54. Kd4 $142 Be4 55. Bd7+ Ke7 56. Bxf5+ Kd8 57. Kxe4 Re1+ 58. Kf3 c3 59. Rb7) 1-0

[Event "93rd German Championship 2022"]
[Site "Magdeburg"]
[Date "2022.08.18"]
[Round "7.2"]
[White "Vogel, Roven"]
[Black "Krastev, Alexander"]
[Result "1-0"]
[ECO "E10"]
[WhiteElo "2465"]
[BlackElo "2435"]
[Annotator "TA"]
[PlyCount "143"]
[EventDate "2022.08.14"]
[EventType "swiss"]
[EventCountry "GER"]
[SourceTitle "playchess.com"]
[Source "ChessBase"]
[SourceQuality "1"]
[TimeControl "40/5400+30:1800+30"]

1. d4 Nf6 2. c4 e6 3. Nf3 c5 4. e3 cxd4 5. exd4 d5 6. Nc3 Be7 7. cxd5 Nxd5 8. Bd3 Nc6 {[%emt 0:00:59] 8...0-0 injects fresh life into this line.} 9. O-O O-O 10. Be4 {[%emt 0:09:05] D42: Queen's Gambit Declined: Semi-Tarrasch: 5 cxd5 Nxd5 6 e3 Nc6 7 Bd3 .} Bf6 {[%emt 0:10:50] [#]} (10... Nf6 $5 ) 11. Qe2 $146 ({Predecessor:} 11. Qd3 g6 12. Bh6 Re8 13. Rad1 b6 14. Rfe1 Bb7 15. Bxd5 Nb4 16. Bxb7 Nxd3 17. Rxd3 Rb8 {0-1 (47) Collins,S (2456)-Keymer,V (2591) Chess.com INT 2021}) 11... b6 12. Nxd5 {[%emt 0:04:00] The position is equal.} exd5 13. Bxh7+ Kxh7 14. Qc2+ Kg8 15. Qxc6 Bg4 $132 {[%emt 0:01:10][%mdl 2048] Black has counterplay. A strong pair of Bishops.} 16. Ne5 Bxe5 17. dxe5 Rc8 18. Qa4 d4 $1 19. Be3 Be2 20. Qxd4 Bxf1 $17 21. Rxf1 Qxd4 22. Bxd4 $11 {[%emt 0:01:42][%mdl 4096] Endgame KRR-KRB} Rc2 23. Bc3 Rd8 24. Re1 Kf8 25. g4 Ke7 {[%emt 0:04:52][%mdl 1024] Black has compensation.} 26. Re3 g6 27. Kg2 Rd1 28. Rf3 Re2 29. Rf4 Rc1 30. h4 Kf8 31. a3 Rxc3 32. bxc3 $16 Rxe5 $11 {[%emt 0:00:04] KR-KR} 33. Ra4 a5 34. Rc4 Rb5 35. Kf3 Rb2 36. a4 Ra2 37. Ke3 Kg7 38. f3 Rh2 39. Rc6 Rxh4 $2 (39... Ra2 $16) 40. Rxb6 $18 Rh1 $2 (40... f5 {was necessary.} 41. Kf4 fxg4) 41. Rb5 Rc1 42. Kd2 Rf1 43. Ke2 Rc1 44. Rc5 Kf6 45. f4 ({Not} 45. Rxa5 Rxc3 46. Kf2 Ke6 $16) (45. Kd3 $18) 45... Ke6 $16 46. Kd2 Rg1 (46... Rf1 $16) 47. g5 $18 Rf1 48. Ke3 Re1+ 49. Kd4 {[%emt 0:00:48] [#] White threatens Re5+ and mate.} Rf1 50. Rc6+ Ke7 51. Ke5 Re1+ {[%emt 0:02:01] [#]} 52. Kd5 $1 Ra1 53. Rc7+ Kf8 54. Rc4 Ke7 55. Kc6 Rb1 56. Re4+ Kd8 57. Re5 {[%emt 0:00:24] Threatens to win with Rd5+.} Rb3 58. Rxa5 Rxc3+ 59. Kb7 Kd7 60. Rd5+ Ke6 61. Rb5 Kd7 62. a5 {[%emt 0:00:05][%cal Ba4a5,Ba5a6,Ba6a7][%mdl 32] Intending a6 and mate.} Rc7+ 63. Ka8 (63. Kb8 $142 Rc8+ 64. Ka7) 63... Kc6 64. Rb6+ Kc5 65. Rb7 Rc8+ 66. Ka7 Rf8 67. a6 {[%emt 0:00:06] White mates.} f6 68. Rc7+ Kd6 69. Kb7 fxg5 70. fxg5 Rf5 71. Rc6+ Kd7 72. a7 {[%emt 0:00:38] Weighted Error Value: White=0.14 (very precise) /Black=0.56} 1-0

[Event "93rd German Championship 2022"]
[Site "Magdeburg"]
[Date "2022.08.18"]
[Round "7.3"]
[White "Roseneck, Jonas"]
[Black "Carlstedt, Jonathan"]
[Result "1-0"]
[ECO "A13"]
[WhiteElo "2384"]
[BlackElo "2446"]
[Annotator "TA"]
[PlyCount "59"]
[EventDate "2022.08.14"]
[EventType "swiss"]
[EventCountry "GER"]
[SourceTitle "playchess.com"]
[Source "ChessBase"]
[SourceQuality "1"]
[TimeControl "40/5400+30:1800+30"]

1. c4 e6 2. Nc3 c5 3. Nf3 d5 4. cxd5 exd5 5. d4 Nf6 6. Bg5 Be6 7. e3 c4 {[%emt 0:00:16] D32: Tarrasch Defence: Sidelines and lines without g3.} 8. Be2 Bb4 9. O-O O-O {[%emt 0:00:33] White is slightly better.} 10. Ne5 Nbd7 {[%emt 0:01:53] [#]} 11. e4 $146 (11. Nxd7 $14 Qxd7 12. Bxf6 gxf6 13. Bh5) ({Predecessor:} 11. f4 Bxc3 12. bxc3 Bf5 13. g4 Be4 14. Bf3 Bxf3 15. Qxf3 Qa5 16. Nxd7 Nxd7 17. Be7 {0-1 (31) Rostovtsev,D (2302)-Shuvalova,P (2498) Chess.com INT 2022}) 11... dxe4 12. Nxc4 Bxc4 13. Bxc4 Qa5 14. Bxf6 Nxf6 15. Qb3 Rad8 16. Rfd1 Rd7 17. Rac1 a6 18. a3 Bd6 19. h3 (19. g3 $15) 19... Qg5 (19... Bf4 $17 {And now ...b5 would win.} 20. Rc2 e3) 20. Nd5 $15 b5 21. Nxf6+ gxf6 22. Bf1 f5 23. Re1 Bf4 24. Rc5 Rxd4 (24... Re8 $5 25. g3 (25. g4 e3 $17) 25... Rxd4 $17) 25. g4 $1 Bb8 {[%emt 0:10:26] [#] aiming for ...Qf4.} 26. Rxf5 Qd2 27. Re2 Qc1 28. Rc2 {[%emt 0:00:47] Prevents Qc7.} Qe1 {[%emt 0:00:14][%mdl 8192] [#]} (28... Qh6 $11) 29. Rc8 $3 Rd7 (29... Bh2+ 30. Kxh2) 30. Rg5+ {[%emt 0:00:06] Weighted Error Value: White=0.13 (very precise) /Black=0.46} 1-0

[Event "93rd German Championship 2022"]
[Site "Magdeburg"]
[Date "2022.08.18"]
[Round "7.4"]
[White "Wachinger, Nikolas"]
[Black "Braun, Georg"]
[Result "1/2-1/2"]
[ECO "B38"]
[WhiteElo "2437"]
[BlackElo "2398"]
[Annotator "TA"]
[PlyCount "63"]
[EventDate "2022.08.14"]
[EventType "swiss"]
[EventCountry "GER"]
[SourceTitle "playchess.com"]
[Source "ChessBase"]
[SourceQuality "1"]
[TimeControl "40/5400+30:1800+30"]

1. e4 c5 2. Nf3 g6 3. c4 Bg7 4. d4 cxd4 5. Nxd4 Nc6 6. Be3 Qb6 $1 {[%emt 0:00:14][%cal Rc6d4][%mdl 4] is recently more successful than 6...Nf6.} 7. Nb3 {[%emt 0:04:22] B38: Sicilian: Maroczy Bind with 5...Bg7 and 7...0-0.} Qd8 8. Nc3 Bxc3+ 9. bxc3 {[%emt 0:00:03] White has an edge.} Nf6 10. f3 d6 11. Be2 O-O 12. O-O b6 13. a4 Qc7 14. a5 {[%emt 0:02:59] [#] Hoping for axb6.} Nxa5 ({Black should play} 14... Ba6 $11) 15. Nxa5 $14 bxa5 16. Qa4 Be6 17. Qxa5 Rfc8 {[%emt 0:01:16] [#]} 18. Qxc7 {[%emt 0:05:28] White is more active.} (18. c5 $1 $16) 18... Rxc7 $11 {[%emt 0:00:07] [#]} 19. Ra4 $146 (19. c5 $5) ({Predecessor:} 19. Bb6 Rc6 20. c5 dxc5 21. Rxa7 Rb8 22. Bc7 Rb2 23. Re1 Nd7 24. Bf4 h5 25. h4 {0-1 (63) Rasulov,V (2533)-Vakhidov,D (2190) Chess.com INT 2018}) 19... Nd7 $1 20. Rfa1 Nc5 21. Ra5 f6 22. Kf2 Kf7 23. Bxc5 dxc5 24. Ke3 Bc8 25. f4 e5 26. fxe5 fxe5 27. Rb1 Ke7 28. Rd1 Be6 29. Rda1 Bc8 30. Rd1 Be6 {[%emt 0:01:57] Against Rd5} 31. Rda1 Bc8 32. Rd1 {Weighted Error Value: White=0.14 (very precise) /Black=0.08 (flawless)} (32. Rb1 $14) 1/2-1/2

[Event "93rd German Championship 2022"]
[Site "Magdeburg"]
[Date "2022.08.18"]
[Round "7.5"]
[White "Becker, Michael"]
[Black "Farokhi, Keyvan"]
[Result "0-1"]
[ECO "B91"]
[WhiteElo "2270"]
[BlackElo "2332"]
[Annotator "TA"]
[PlyCount "84"]
[EventDate "2022.08.14"]
[EventType "swiss"]
[EventCountry "GER"]
[SourceTitle "playchess.com"]
[Source "ChessBase"]
[SourceQuality "1"]
[TimeControl "40/5400+30:1800+30"]

1. e4 c5 2. Nf3 d6 3. d4 cxd4 4. Nxd4 Nf6 5. Nc3 a6 6. g3 e5 7. Nf3 {[%emt 0:00:20] B91: Sicilian Najdorf: 6 g3.} Be7 8. Bg2 O-O 9. O-O {[%emt 0:00:09] The position is equal.} Be6 10. Nh4 g6 11. Bh6 Re8 12. h3 {[%emt 0:00:35] Against Ng4} Nbd7 13. Qd2 {[%emt 0:06:03][%cal Oh4f5] [#]} Kh8 $146 ({Predecessor:} 13... Nf8 14. a4 Qc7 15. Nf3 Bd7 16. Ng5 Ne6 17. Nxe6 Bxe6 18. Nd5 Bxd5 19. exd5 Nd7 {0-1 (73) Guo,A (2301)-Brodsky,D (2479) Charlotte 2020}) 14. Nf3 Qc7 15. Rfe1 Rac8 16. Ng5 Nb6 17. Nxe6 fxe6 18. Bf1 d5 19. Bd3 Bb4 20. Qg5 (20. a3 $11 Bxc3 21. bxc3) 20... Ng8 $17 21. Rf1 Be7 ({Black should play} 21... d4 $17 {White must now prevent ...Be7.} 22. Ne2 Nc4) 22. Qc1 $1 $15 Nxh6 23. Qxh6 Qd8 {[%emt 0:00:12] Threatens to win with ...Bg5.} 24. h4 {[%emt 0:00:55] Prevents Bg5.} ({Don't blunder} 24. exd5 $2 Bg5 25. Qxg5 Qxg5 $19) 24... Bf8 25. Qg5 (25. Qc1 $15) 25... Qxg5 $17 26. hxg5 Bb4 27. Nd1 Nc4 {[%emt 0:02:51] Black is more active.} (27... Be7 $17 28. Ne3 Bxg5) 28. Bxc4 $11 Rxc4 29. exd5 Rxc2 30. dxe6 Rxe6 31. Ne3 Rxb2 32. Rac1 Rc6 33. Ng4 {[%emt 0:03:04] [#]} (33. Rxc6 $15 {is more appropriate.} bxc6 34. Rc1) 33... Rxa2 (33... Bc3 $1 $17 34. Rb1 b6 35. Rxb2 Bxb2) 34. Rxc6 (34. Rb1 $11 {keeps the balance.} a5 35. Rfd1) 34... bxc6 $17 35. Nxe5 {[%emt 0:00:06][%mdl 4096] Endgame KRB-KRN} c5 36. Rd1 (36. Kg2 $17 {might work better.}) 36... Rd2 $19 37. Re1 Rd5 38. Nf7+ $2 (38. Re4 {is tougher.}) 38... Kg7 39. Re7 c4 $2 (39... Kf8 $19 40. Rb7 a5) 40. Rb7 {[%emt 0:01:08][%mdl 8192] [#]} (40. Nd6+ $11 Kh8 41. Re8+ Kg7 42. Re7+ Kh8 43. Re8+ Kg7 44. Re7+) 40... c3 $1 {[%emt 0:01:46][%cal Bc4c3,Bc3c2][%mdl 32] Black is clearly winning.} 41. Nd8+ (41. Ne5+ Kg8) 41... Kg8 {[%emt 0:30:55] Hoping for ...c2.} 42. Ne6 c2 {[%emt 0:00:45] Weighted Error Value: White=0.56/Black=0.24 (precise)} 0-1

[Event "93rd German Championship 2022"]
[Site "Magdeburg"]
[Date "2022.08.18"]
[Round "7.6"]
[White "Richter, Nils"]
[Black "Krassowizkij, Jaroslaw"]
[Result "1/2-1/2"]
[ECO "D78"]
[WhiteElo "2359"]
[BlackElo "2428"]
[Annotator "TA"]
[PlyCount "80"]
[EventDate "2022.08.14"]
[EventType "swiss"]
[EventCountry "GER"]
[SourceTitle "playchess.com"]
[Source "ChessBase"]
[SourceQuality "1"]
[TimeControl "40/5400+30:1800+30"]

1. d4 Nf6 2. c4 g6 3. g3 c6 4. Bg2 d5 5. Nf3 Bg7 6. O-O O-O 7. a4 {[%emt 0:00:46] D78: Fianchetto Grünfeld: 6 0-0 c6.} b6 8. cxd5 cxd5 9. Nc3 Nc6 10. Ne5 Bb7 {[%emt 0:01:10] [#]} 11. Bf4 $146 ({Predecessor:} 11. Bg5 Nxe5 12. dxe5 Ne4 13. Bxe4 dxe4 14. Qxd8 Rfxd8 15. Bxe7 Rd2 16. Bd6 Rxb2 17. a5 bxa5 18. Rxa5 {½-½ (38) Afonasieva,A (2245)-Bauyrzhan,A (2011) Porto Carras 2018}) 11... Ne4 12. Nxe4 {[%emt 0:26:25] [#] aiming for Nc3.} Nxe5 13. Nc3 Nc4 14. b3 Nd6 15. Nxd5 ({Much weaker is} 15. Bxd5 Bxd5 16. Nxd5 Ne4 $15) 15... e6 16. Ne7+ Qxe7 $11 {[%emt 0:00:09] The position is equal.} 17. Bxd6 {[%emt 0:00:06][%mdl 64] [#] Remove Defender} Qxd6 18. Bxb7 Rab8 19. Bf3 Qxd4 20. Qxd4 Bxd4 21. Rad1 Rfd8 22. e3 Bc5 23. Rxd8+ Rxd8 24. Rd1 Rxd1+ 25. Bxd1 {[%emt 0:00:10][%mdl 4096] Endgame KB-KB} a5 26. Be2 Kg7 27. Bc4 e5 28. e4 g5 29. g4 Bd4 30. Kg2 f6 31. f3 h6 32. h3 Bc5 33. Kf1 Kf8 34. Ke2 Ke7 35. Kd3 Kd6 36. Bg8 Bg1 37. Kc4 Bf2 38. Bf7 Bg1 39. Bg8 Bf2 40. Bf7 Bg1 {Weighted Error Value: White=0.05 (flawless) /Black=0.05 (flawless)} 1/2-1/2

[Event "93rd German Championship 2022"]
[Site "Magdeburg"]
[Date "2022.08.18"]
[Round "7.7"]
[White "Costa, Leonardo"]
[Black "Pajeken, Jakob Leon"]
[Result "1-0"]
[ECO "B90"]
[WhiteElo "2316"]
[BlackElo "2434"]
[Annotator "TA"]
[PlyCount "61"]
[EventDate "2022.08.14"]
[EventType "swiss"]
[EventCountry "GER"]
[SourceTitle "playchess.com"]
[Source "ChessBase"]
[SourceQuality "1"]
[TimeControl "40/5400+30:1800+30"]

1. e4 c5 2. Nf3 d6 3. d4 cxd4 4. Nxd4 Nf6 5. Nc3 a6 6. h4 {[%emt 0:00:15] B90: Sicilian Najdorf: Unusual White 6th moves, 6 Be3 Ng4 and 6 Be3 e5.} e5 7. Nb3 Be7 8. Be2 {[%emt 0:00:04] The position is equal.} Be6 9. f4 b5 10. g4 {[%emt 0:00:05] Hoping for f5.} b4 11. Nd5 Nxd5 12. exd5 Bc8 13. g5 Nd7 {[%emt 0:02:42] [#]} 14. O-O $146 (14. Be3 $11) ({Predecessor:} 14. f5 h6 15. Rg1 hxg5 16. hxg5 Nb6 17. Qd3 a5 18. Be3 a4 19. Qb5+ Bd7 20. Qxb6 Qxb6 21. Bxb6 axb3 22. cxb3 Bxf5 {0-1 (64) Steinberg,N (2542)-Bok,B (2616) Chess.com INT 2022}) 14... Qb6+ 15. Kh2 (15. Rf2 $15) 15... Bb7 ({Better is} 15... h6 $17 {aiming for ...hxg5.} 16. g6 O-O 17. fxe5 Nxe5) 16. a3 a5 ({Black should try} 16... h6 $1 $15) 17. axb4 $11 axb4 18. Rxa8+ Bxa8 19. Qd3 exf4 20. Bxf4 O-O 21. Qe4 {[%emt 0:07:16] Prevents Ne5.} Ne5 22. Nd4 {[%emt 0:00:41] And now Nf5 would win.} g6 {[%emt 0:01:37] Prevents Nf5.} 23. Bxe5 $40 {[%emt 0:27:29][%mdl 128] White is up to no good.} dxe5 24. Nc6 ({Don't blunder} 24. Qxe5 $2 Bd6 25. Qf4 Qc7 $19) 24... Bxc6 (24... Qc7 $11 {remains equal.}) 25. dxc6 $16 Qc7 26. Bc4 {[%emt 0:00:47][%cal Oh4h5] Black must now prevent h5!} Kg7 $1 27. Qd5 f6 (27... Bd8 $1 $14) 28. Qe6 $2 (28. Kg2 $18) 28... Qd8 $2 {[%emt 0:03:46][%mdl 8192] [#]} (28... e4+ $16 29. Kg2 Bd8) 29. Rd1 $3 {[%emt 0:00:24][%mdl 512] White mates.} Qxd1 (29... fxg5 30. Rxd8) 30. Qxe7+ Kh8 31. Qxf8# {[%emt 0:00:03] Weighted Error Value: White=0.16 (very precise) /Black=0.40} 1-0

[Event "93rd German Championship 2022"]
[Site "Magdeburg"]
[Date "2022.08.18"]
[Round "7.8"]
[White "Gungl, Theo"]
[Black "Bracker, Arne"]
[Result "1/2-1/2"]
[ECO "E46"]
[WhiteElo "2359"]
[BlackElo "2277"]
[Annotator "TA"]
[PlyCount "80"]
[EventDate "2022.08.14"]
[EventType "swiss"]
[EventCountry "GER"]
[SourceTitle "playchess.com"]
[Source "ChessBase"]
[SourceQuality "1"]
[TimeControl "40/5400+30:1800+30"]

1. d4 Nf6 2. c4 e6 3. Nc3 Bb4 4. e3 O-O 5. Bd2 d5 6. Nf3 b6 7. cxd5 exd5 8. Bd3 Bb7 9. O-O Re8 {[%emt 0:00:17] E52: Nimzo-Indian: Rubinstein: 4...0-0 5 Nf3 d5 6 Bd3 b6.} 10. Rc1 Bf8 11. Ne5 c5 12. f4 Nc6 13. Ne2 Rc8 {[%emt 0:00:50] [#]} 14. Bc3 $146 ({Predecessor:} 14. Be1 Ne4 15. Bxe4 dxe4 16. Nxf7 Qd5 17. Ne5 Nxe5 18. dxe5 Qxa2 19. Bc3 Qd5 20. Qe1 {1-0 (45) Maghsoodloo,P (2701)-Firouzja,A (2804) Warsaw 2021}) 14... Ne4 (14... Rc7 $11) 15. Ng3 (15. Bxe4 $16 dxe4 16. Qa4 (16. Qb3 Nxe5 17. dxe5 Qd3 $15)) 15... cxd4 (15... Nxg3 $11 16. hxg3 Rc7) 16. exd4 $14 Nb4 17. Bxb4 (17. Bb1 {feels hotter.} Rc7 18. a3 Nxg3 19. hxg3 Nc6 20. Bd3) 17... Rxc1 ({Resist} 17... Bxb4 18. Rxc8 Bxc8 19. Nxe4 (19. Bxe4 dxe4 20. Nxf7 Qd5 $11) 19... dxe4 20. Bxe4 $16) 18. Qxc1 {[%emt 0:00:02] [#] Hoping for Bxf8.} Nxg3 19. hxg3 Bxb4 20. Qc2 g6 21. Bb5 Re7 22. Qa4 a5 23. a3 Bd2 24. Qb3 {[%emt 0:02:50] [#] Black must now prevent Qd3.} f6 {[%emt 0:01:27] The position is equal.} 25. Ng4 Kg7 26. Qd3 Bc8 27. Qxd2 Bxg4 28. Re1 Bd7 29. Bd3 Rxe1+ 30. Qxe1 $11 {[%emt 0:00:02][%mdl 4096] Endgame KQB-KQB} Qe8 31. Qc1 Qc8 {[%emt 0:01:02] Prevents Qc7.} 32. Qxc8 Bxc8 {[%emt 0:00:01] KB-KB} 33. Kf2 Bd7 34. Ke3 Kf7 35. Be2 h5 36. Bf3 Be6 37. Be2 Ke7 38. Bd3 Bf5 39. Bxf5 gxf5 40. a4 Ke6 {[%emt 0:00:25] Weighted Error Value: White=0.11 (very precise) /Black=0.13 (very precise)} 1/2-1/2